 Dungeon Crawl Stone Soup version 0.28-a0-1493-g08698888e4 (webtiles) character file.

Game seed: 12009469835363571614

5349 fragbeetle the Basher (level 10, -7/98 HPs)
             Began as a Troll Berserker on Jan 12, 2022.
             Was an Elder of Trog.
             Mangled by a yak (13 damage)
             ... on level 8 of the Dungeon.
             The game lasted 00:19:21 (6883 turns).

fragbeetle the Basher (Troll Berserker)             Turns: 6883, Time: 00:19:22

Health: -7/98      AC:  5    Str: 27    XL:     10   Next: 38%
Magic:  9/9        EV: 11    Int:  5    God:    Trog [****..]
Gold:   371        SH:  0    Dex: 11    Spells: 9/9 levels left

rFire   + + .      SeeInvis .   y - +11 spear of Grontol {flame, rF+}
rCold   + . .      Faith    .   (no shield)
rNeg    . . .      Spirit   .   n - +1 robe {Will+}
rPois   .          Reflect  .   (helmet restricted)
rElec   .          Harm     .   (no cloak)
rCorr   .          Rampage  .   (gloves unavailable)
Will    +++..                   (boots unavailable)
Stlth   +.........              z - amulet of magic regeneration
HPRegen 2.06/turn               e - ring of protection from fire
MPRegen 0.51/turn               w - ring of protection from cold

@: strong-willed, regenerating
A: large, unfitting armour, claws 3, regeneration 1, shaggy fur 1, tough skin 1
a: Renounce Religion, Berserk, Trog's Hand, Brothers in Arms


You were on level 8 of the Dungeon.
You worshipped Trog.
Trog was greatly pleased with you.
You visited 2 branches of the dungeon, and saw 10 of its levels.

You collected 393 gold pieces.
You spent 22 gold pieces at shops.

Inventory:

Hand Weapons
 q - a +0 whip of electrocution
 y - the +11 spear of Grontol (weapon) {flame, rF+}
   (You found it on level 6 of the Dungeon)

   It burns those it strikes, dealing additional fire damage.
   rF:        It protects you from fire.
 F - a +2 whip of freezing
Missiles
 j - 174 stones
 o - 6 curare-tipped darts
 r - 14 poisoned darts
 s - 3 large rocks
 H - 3 boomerangs (quivered)
Armour
 n - a +1 robe of willpower (worn)
Jewellery
 e - a ring of protection from fire (left claw)
 h - an amulet of faith
 w - a ring of protection from cold (right claw)
 z - an amulet of magic regeneration (around neck)
 E - a ring of ice
Wands
 D - a wand of charming (8)
Scrolls
 a - 3 scrolls of fear
 b - 3 scrolls of blinking
 d - 4 scrolls of identify
 f - 2 scrolls of enchant weapon
 k - 2 scrolls of amnesia {unknown}
 u - a scroll of immolation {unknown}
 v - a scroll of brand weapon {unknown}
 x - a scroll of holy word {unknown}
 B - a scroll of teleportation {unknown}
 C - 2 scrolls of vulnerability {unknown}
Potions
 c - 3 potions of curing
 g - 2 potions of lignification
 i - a potion of cancellation {unknown}
 l - 3 potions of degeneration {unknown}
 m - a potion of flight {unknown}
 p - 2 potions of invisibility {unknown}
 t - 3 potions of haste
 A - a potion of resistance {unknown}
 G - a potion of heal wounds {unknown}


   Skills:
 + Level 6.3 Fighting
 * Level 9.5 Maces & Flails
 + Level 6.1 Throwing
 + Level 6.3 Dodging


You had 9 spell levels left.
You didn't know any spells.
Your spell library was empty.

Dungeon Overview and Level Annotations

Branches:
Dungeon (9/15)             Temple (1/1) D:4
   Lair: D:8-11         Orc: D:9-12

Altars:
Ashenzari
Dithmenos
Elyvilon
Fedhas
Gozag
Hepliaklqana
Kikubaaqudgha
Makhleb
Nemelex Xobeh
Okawaru
Qazlal
Ru
Sif Muna
Trog
Uskayaw
Vehumet
Wu Jian
Xom
Yredelemnul
Zin
The Shining One
Lugonu

Shops:
D:2 :   D:5 ?   D:8 (

Annotations:
D:8 rElec needed, 1 runed translucent door, fragbeetle's ghost, novice TrBe


Innate Abilities, Weirdness & Mutations

You are too large for most types of armour.
You have claws for hands.
Your natural rate of healing is unusually fast.
You are covered in fur. (AC +1)
You have tough skin. (AC +1)


Message History

The yak gores you! The yak gores you.
You barely miss the yak.
The yak is moderately wounded.
The yak gores you.
Your skin crawls.
You feel strong-willed. The yak gores you.
You hit the yak. You burn the yak.
The yak is heavily wounded.
The yak gores you!
* * * LOW HITPOINT WARNING * * *
You puncture the yak! You burn the yak.
The yak is severely wounded.
The yak gores you.
* * * LOW HITPOINT WARNING * * *
You hit the yak. You burn the yak.
The yak is almost dead.
The yak gores you!
* * * LOW HITPOINT WARNING * * *
You puncture the yak! You burn the yak.
You kill the yak!
Trog accepts your kill.
You puncture the yak! You burn the yak.
The yak is severely wounded.
The yak gores you!
* * * LOW HITPOINT WARNING * * *
You puncture the yak! You burn the yak.
You kill the yak!
Trog accepts your kill.
You hit the yak. You burn the yak.
The yak is moderately wounded.
The yak closely misses you.
You hit the yak. You burn the yak.
The yak is moderately wounded.
The yak gores you!
* * * LOW HITPOINT WARNING * * *
You puncture the yak! You burn the yak.
The yak is heavily wounded.
The yak gores you!
You die...

#......#.##.#
..#.#.[..##.#
.......####.#
............#
.......♣♣.♣♣###
.......♣P≈♣♣Y..###
.#####♣♣♣≈.♣ #...#
......♣ ♣≈P♣ #Y#
..#♣♣♣♣♣♣≈♣♣♣♣♣♣@#
...≈≈≈♣♣≈≈≈P♣♣P♣.#
.#..≈≈≈.≈≈≈.≈≈≈..#
...♣♣PP♣.≈.≈PPP♣##
#.#♣♣♣♣♣≈.≈♣♣♣♣♣
#...♣♣ ♣≈.P♣
##.#.# ♣P.♣♣
##...##♣♣≈♣
###....♣≈.♣


You could see a yak.

Vanquished Creatures
  Pikel (D:8)
  A human (D:4)
  12 yaks (D:8)
  Eustachio (D:6)
  A hornet zombie (D:7)
  2 orc warriors
  3 sky beasts
  3 ice beasts
  4 centaurs
  2 phantoms
  A lemure (D:8)
  A bullfrog (D:8)
  A wyvern zombie (D:7)
  A scorpion (D:4)
  A water moccasin zombie (D:7)
  3 wights (D:8)
  A howler monkey (D:8)
  3 electric eels (D:8)
  A jelly (D:6)
  2 bullfrog zombies (D:6)
  2 centaur skeletons
  A gnoll shaman (D:6)
  A bullfrog skeleton (D:6)
  3 orc priests
  2 centaur zombies
  4 hounds
  3 iguanas
  A scorpion zombie (D:5)
  Natasha (thrice) (D:2 D:1)
  6 orc wizards
  A killer bee zombie (D:8)
  A hound skeleton (D:4)
  11 gnolls
  A howler monkey skeleton (D:6)
  6 adders
  A shadow imp (D:7)
  An ufetubus (D:6)
  A worm (D:4)
  3 dart slugs
  25 orcs
  4 ball pythons
  3 endoplasms
  3 giant cockroaches
  3 goblins
  3 hobgoblins
  7 kobolds
  A quokka (D:1)
  5 bats
  4 frilled lizards
  A jackal zombie (D:4)
  3 rats
159 creatures vanquished.

Vanquished Creatures (others)
  A ball python (D:4)
  9 plants (D:8)
10 creatures vanquished.

Grand Total: 169 creatures vanquished

Notes
Turn   | Place    | Note
-------+----------+-------------------------------------------
     0 | D:1      | fragbeetle the Troll Berserker began the quest for the Orb.
     0 | D:1      | Reached XP level 1. HP: 22/22 MP: 0/0
    10 | D:1      | Noticed an ogre
   322 | D:1      | Reached skill level 3 in Maces & Flails
   322 | D:1      | Reached XP level 2. HP: 29/29 MP: 1/1
   991 | D:2      | Reached XP level 3. HP: 36/36 MP: 2/2
  1037 | D:2      | Noticed Natasha
  1042 | D:2      | Killed Natasha
  1079 | D:2      | Found Reomiku's Book Shoppe.
  1107 | D:2      | Noticed Natasha
  1129 | D:2      | Killed Natasha
  1130 | D:2      | Reached XP level 4. HP: 12/44 MP: 3/3
  1241 | D:2      | Reached skill level 1 in Throwing
  1243 | D:2      | Noticed Natasha
  1248 | D:2      | Reached ** piety under Trog
  1262 | D:1      | Killed Natasha
  1263 | D:1      | Reached skill level 4 in Maces & Flails
  1263 | D:1      | Reached XP level 5. HP: 28/53 MP: 4/4
  1701 | D:3      | Found a faded altar of an unknown god.
  1711 | D:3      | Found a hide-covered altar of Uskayaw.
  2096 | D:4      | Found a runed translucent door.
  2096 | D:4      | Noticed a human
  2106 | D:4      | Found a basalt altar of Yredelemnul.
  2188 | D:4      | Found a staircase to the Ecumenical Temple.
  2196 | Temple   | Entered the Ecumenical Temple
  2262 | D:4      | Found a stormy altar of Qazlal.
  2286 | D:4      | Reached XP level 6. HP: 61/61 MP: 5/5
  2432 | D:4      | Noticed an orc warrior
  2444 | D:4      | Killed an orc warrior
  2445 | D:4      | Reached skill level 5 in Maces & Flails
  2530 | D:4      | Found a sacrificial altar of Ru.
  2590 | D:4      | Killed a human
  2591 | D:4      | Reached XP level 7. HP: 68/68 MP: 6/6
  2995 | D:5      | Entered Level 5 of the Dungeon
  3226 | D:5      | Reached skill level 6 in Maces & Flails
  3320 | D:5      | Reached XP level 8. HP: 66/78 MP: 7/7
  3320 | D:5      | Found Ditrote's Magic Scroll Shoppe.
  3371 | D:5      | Bought a scroll of identify for 22 gold pieces
  3627 | D:5      | Found an iron altar of Okawaru.
  3630 | D:5      | Found a radiant altar of Vehumet.
  3632 | D:5      | Found a glowing golden altar of the Shining One.
  3833 | D:5      | Found a shimmering blue altar of Sif Muna.
  4117 | D:6      | Found a broken altar of Ashenzari.
  4232 | D:6      | Noticed Eustachio
  4236 | D:6      | Killed Eustachio
  4236 | D:6      | Reached *** piety under Trog
  4237 | D:6      | Reached skill level 7 in Maces & Flails
  4308 | D:6      | Identified the +11 spear of Grontol {flame, rF+}
  4564 | D:6      | Reached skill level 5 in Dodging
  4632 | D:6      | Found an opulent altar of Gozag.
  4632 | D:6      | Found an ornate altar of the Wu Jian Council.
  4682 | D:6      | Reached skill level 5 in Fighting
  4915 | D:7      | Reached XP level 9. HP: 53/88 MP: 8/8
  5677 | D:8      | Reached skill level 8 in Maces & Flails
  5808 | D:8      | Noticed Pikel
  5819 | D:8      | Killed Pikel
  5820 | D:8      | Reached skill level 5 in Throwing
  6040 | D:8      | Reached XP level 10. HP: 37/98 MP: 9/9
  6252 | D:9      | Reached skill level 9 in Maces & Flails
  6398 | D:8      | Reached **** piety under Trog
  6468 | D:8      | Found a hazy altar of Hepliaklqana.
  6554 | D:8      | Found a runed translucent door.
  6554 | D:8      | Noticed fragbeetle's ghost (novice TrBe)
  6556 | D:8      | Identified the +7 spear of Ughorr {speed, rF+ rN++ Stlth-}
  6784 | D:8      | Found Heezy's Antique Weapon Shop.
  6882 | D:8      | HP: 4/98 [yak (10)]
  6883 | D:8      | Mangled by a yak

Illustrated notes

Levels and vault maps discovered:
D:1:      evilmike_arrival_come_back, layout_loops_corners,
          hangedman_abyss_or_decor_lesser_grid
D:2:      layout_rooms, serial_shops, nicolae_diamond_shop, uniq_natasha
D:3:      layout_loops_ring, nicolae_overflow_ecumenical_swirl
D:4:      layout_loops_ring, dk_yredelemnul_ordeal, general_overflow_altar,
          lemuel_crystal_altar, minmay_temple_entry_hall, minmay_misc_feat_five,
          corner_web_ring, minmay_small_thing
D:5:      layout_loops_ring, tgw_sif, minitemple, serial_shops, shop_scrolls
D:6:      wad_pebble_path, layout_loops_ring,
          mainiacjoe_overflow_surrounded_room, gammafunk_temple_overflow_wave,
          small_statue_intersection, amcnicky_mini_rare_corridor_liquid,
          uniq_eustachio
D:7:      layout_basic
D:8:      layout_basic, lemuel_tele_altar, ebering_ghost_funeral_grove,
          serial_shops, nicolae_shop_behind_doors, serial_bayou,
          serial_bayou_ford_a, serial_bayou_pond_e, serial_bayou_pond_d,
          serial_bayou_crossing, kennysheep_generic_room_5, uniq_pikel
D:9:      layout_long_grid, cheibrodos_worm_habitat
Temple:   corrupted_temple

Skill      XL: |  1  2  3  4  5  6  7  8  9 10 |
---------------+-------------------------------+-----
Maces & Flails | 3 4 5 6 7 8 9 |  9.5
Throwing       | 1 2 3 4 5 6 |  6.1
Dodging        | 3 4 5 6 |  6.3
Fighting       | 3 4 5 6 |  6.3

Action                   |  1- 3 |  4- 6 |  7- 9 | 10-12 || total
-------------------------+-------+-------+-------+-------++-------
Melee: Mace              |    90 |    48 |       |       ||   138
       Punch             |     2 |     2 |     4 |     2 ||    10
       Unarmed           |     5 |       |       |       ||     5
       Whip              |       |   107 |   214 |       ||   321
       Spear             |       |       |   135 |    72 ||   207
Throw: Stone             |       |       |     6 |       ||     6
       Dart              |       |       |     6 |       ||     6
       Boomerang         |       |       |       |     6 ||     6
Invok: Berserk           |     2 |     5 |     4 |       ||    11
       Trog's Hand       |       |       |     1 |     2 ||     3
  Use: Scroll            |       |       |     7 |       ||     7
 Stab: Sleeping          |     1 |       |       |       ||     1
Armor: Animal skin       |    38 |       |       |       ||    38
       Robe              |       |    54 |    57 |     7 ||   118
Dodge: Dodged            |    53 |    70 |   171 |    33 ||   327

Table legend: (Time is in decaauts)
 A = Elapsed time spent in this place.
 B = Non-inter-level travel time spent in this place.
 C = Inter-level travel time spent in this place.
 D = Time resting spent in this place.
 E = Time spent auto-exploring this place.
 F = Levels seen in this place.
 G = Mean time per level.
                   A        B        C        D        E       F      G
               +--------+--------+--------+--------+--------+-----+--------+
         Total |   7004 |   6788 |    216 |    599 |   3972 |  10 |  700.4 |
       Dungeon |   6953 |   6737 |    216 |    599 |   3951 |   9 |  772.6 |
        Temple |     51 |     51 |      0 |      0 |     20 |   1 |   51.0 |
               +--------+--------+--------+--------+--------+-----+--------+

Top non-repeatable levels by time:
     D:8: 1222 daAuts
     D:1: 991 daAuts
     D:4: 982 daAuts
     D:6: 913 daAuts
     D:5: 868 daAuts
     D:3: 679 daAuts
     D:7: 672 daAuts
     D:2: 498 daAuts
     D:9: 125 daAuts
  Temple: 51 daAuts
